 Dungeon Crawl Stone Soup version 0.19.1 (webtiles) character file.

2853 Haldmier the Slasher (level 9, -1/60 HPs)
             Began as a High Elf Wizard on Dec 10, 2016.
             Was a Believer of Vehumet.
             Slain by a hell rat (3 damage)
             ... on level 1 of the Lair of Beasts.
             The game lasted 00:58:22 (10027 turns).

Haldmier the Slasher (High Elf Wizard)             Turns: 10027, Time: 00:58:22

Health: -1/60      AC:  4    Str:  9    XL:     9   Next: 46%
Magic:  9/15       EV: 12    Int: 23    God:    Vehumet [**....]
Gold:   486        SH:  5    Dex: 14    Spells: 6 memorised, 2 levels left

rFire  . . .     SeeInvis .     K - +0 trident
rCold  . . .     Gourm    .     A - +0 robe
rNeg   . . .     Faith    .     Q - +0 buckler
rPois  +         Spirit   .     b - +0 hat
rElec  .         Reflect  .     (no cloak)
rCorr  .         Harm     .     v - +1 pair of gloves
MR     .....                    (no boots)
Stlth  +++.......               (no amulet)
                                s - ring of poison resistance
                                r - ring of stealth

@: about to teleport
A: no striking features
a: Renounce Religion


You were on level 1 of the Lair of Beasts.
You worshipped Vehumet.
Vehumet was pleased with you.
You were hungry.

You visited 3 branches of the dungeon, and saw 10 of its levels.

You collected 486 gold pieces.

Inventory:

Hand Weapons
 a - a +2 dagger of venom
 F - a +2 falchion of holy wrath
 K - a +0 trident (weapon)
 P - the +8 hunting sling of Premature Burial {freeze, rF++ Str+5}
   (You found it on level 8 of the Dungeon)

   It causes projectiles fired from it to freeze those they strike, causing
   extra injury to most foes and up to half again as much damage against
   particularly susceptible opponents.
   They can also slow down cold-blooded creatures.
   It affects your strength (+5).
   It greatly protects you from fire.
Missiles
 w - 2 javelins (quivered)
 M - 3 tomahawks
Armour
 b - a +0 hat (worn)
 e - a +0 ring mail
 v - a +1 pair of gloves (worn)
 A - a +0 robe (worn)
 E - a +0 leather armour
 Q - a +0 buckler (worn)
Jewellery
 g - an uncursed ring of protection from magic
 h - a +5 ring of strength
 n - an uncursed ring of see invisible
 r - a ring of stealth (left hand)
 s - a ring of poison resistance (right hand)
 J - an uncursed ring of ice {unknown}
 L - a +1 ring of slaying {unknown}
Wands
 q - a wand of flame (29/48)
 u - a wand of lightning (4/15)
 I - a wand of flame (14/48)
 R - a wand of lightning (11/15)
 T - a wand of iceblast (13/15)
Scrolls
 i - 3 scrolls of enchant weapon {unknown}
 j - 2 scrolls of teleportation
 l - 3 scrolls of remove curse
 t - a scroll of amnesia
 y - 2 scrolls of enchant armour
 D - a scroll of fog
 N - a scroll of immolation {unknown}
 S - a scroll of magic mapping {unknown}
Potions
 f - 5 potions of curing
 k - 3 potions of agility
 m - a potion of magic {unknown}
 x - 2 potions of might
 B - a potion of heal wounds {unknown}
 H - a potion of lignification
 U - a potion of haste {unknown}
Books
 c - a book of Minor Magic

   Spells                             Type                      Level
   a - Magic Dart                     Conjuration                  1
   b - Blink                          Translocation                2
   c - Call Imp                       Summoning                    2
   d - Repel Missiles                 Charms/Air                   2
   e - Slow                           Hexes                        2
   f - Conjure Flame                  Conjuration/Fire             3
   g - Mephitic Cloud                 Conjuration/Poison/Air       3
 p - a book of Cantrips

   Spells                             Type                      Level
   a - Confusing Touch                Hexes                        1
   b - Animate Skeleton               Necromancy                   1
   c - Summon Small Mammal            Summoning                    1
   d - Apportation                    Translocation                1
 O - a book of Misfortune

   Spells                             Type                      Level
   a - Confusing Touch                Hexes                        1
   b - Confuse                        Hexes                        3
   c - Gell's Gravitas                Hexes/Translocation          3
   d - Petrify                        Transmutation/Earth          4
   e - Metabolic Englaciation         Hexes/Ice                    5
   f - Yara's Violent Unravelling     Hexes/Transmutation          5
Comestibles
 d - 6 bread rations
 o - a royal jelly
 z - 5 fruits
 C - 2 meat rations
 G - 4 chunks of flesh


   Skills:
 + Level 4.9 Fighting
 + Level 5.3 Long Blades
 - Level 2.1 Dodging
 - Level 2.1 Stealth
 + Level 3.6 Shields
 - Level 3.6 Spellcasting
 - Level 5.0 Conjurations
 - Level 3.1 Summonings
 - Level 3.1 Translocations
 + Level 4.8 Fire Magic
 - Level 4.0 Air Magic
 - Level 4.0 Poison Magic


You had 2 spell levels left.
You knew the following spells:

 Your Spells              Type           Power        Failure   Level  Hunger
a - Magic Dart            Conj           ####         1%          1    None
b - Blink                 Tloc           N/A          6%          2    #......
c - Call Imp              Summ           ###.....     6%          2    #......
d - Mephitic Cloud        Conj/Pois/Air  ###.....     8%          3    ###....
e - Conjure Flame         Conj/Fire      ####....     6%          3    ###....
f - Repel Missiles        Chrm/Air       ##....       10%         2    #......


Dungeon Overview and Level Annotations

Branches:
Dungeon (8/15)             Temple (1/1) D:6            Lair (1/6) D:8

Altars:
Ashenzari
Cheibriados
Dithmenos
Elyvilon
Fedhas
Gozag
Kikubaaqudgha
Makhleb
Okawaru
Qazlal
Ru
Sif Muna
Trog
Uskayaw
Vehumet
Xom
Yredelemnul
Zin
The Shining One

Shops:
D:8 }

Portals:
Labyrinth: Lair:1

Annotations:
D:7 Prince Ribbit; XO4YCPATb's ghost, novice DrTm


Message History

You strike the helpless river rat from behind!
You hit the river rat.
The river rat is severely wounded.
The river rat is engulfed in roaring flames.
You kill the river rat!
Vehumet accepts your kill.
You feel your power returning.
The hell rat is engulfed in noxious fumes.
The hell rat appears confused.
A seven-headed hydra comes into view.
Found a fruit.
An eight-headed hydra comes into view.
Some of the chunks of flesh in your inventory have rotted away.
You are feeling hungry.
As you read the scroll of teleportation, it crumbles to dust.
You feel strangely unstable. The hell rat bites you!
* * * LOW HITPOINT WARNING * * *
You take 15 damage, and have 2/60 hp.
MASSIVE DAMAGE!!
The hell rat bites you.
You die...

#.....# #.....# #.....#
#.....# #.....## ....
#......########....#
#####..................#
.......@r...............
............D...........
............r...........
........................
........................
###........###.#........
#......#######........
.#.....##.....r..%%...
...... #.......%%P%..


You could see an eight-headed hydra, a hell rat and a river rat.

Vanquished Creatures
  A spiny frog (Lair:1)
  A hungry ghost (D:7)
  An orc warrior (D:8)
  A sky beast (D:5)
  A black bear (D:8)
  A necrophage (D:6)
  A centaur (D:5)
  3 ogres
  2 bullfrogs (D:6)
  3 scorpions
  3 killer bees (D:7)
  A wight (D:7)
  4 crimson imps
  3 hounds
  A quasit (D:5)
  4 orc priests
  A centaur zombie (D:8)
  2 centaur skeletons
  4 jellies
  An iguana (D:3)
  4 orc wizards
  6 worker ants
  A hound zombie (D:6)
  9 gnolls
  9 adders
  A howler monkey skeleton (D:4)
  4 river rats (Lair:1)
  A shadow imp (D:5)
  4 oozes
  An adder skeleton (D:4)
  2 worms
  3 dart slugs (D:1)
  7 leopard geckos
  27 orcs
  2 ball pythons
  5 giant cockroaches
  14 goblins
  7 hobgoblins
  5 jackals
  5 quokkas
  9 bats
  5 frilled lizards
  A jackal skeleton (D:4)
  A jackal zombie (D:7)
  13 kobolds
  A leopard gecko skeleton (D:8)
  3 quokka zombies
  7 rats
196 creatures vanquished.

Vanquished Creatures (collateral kills)
  A wight (D:7)
  An orc wizard (D:6)
2 creatures vanquished.

Vanquished Creatures (others)
  7 toadstools (D:1)
7 creatures vanquished.

Grand Total: 205 creatures vanquished

Notes
Turn   | Place    | Note
-------+----------+-------------------------------------------
     0 | D:1      | Haldmier the High Elf Wizard began the quest for the Orb.
     0 | D:1      | Reached XP level 1. HP: 11/11 MP: 6/6
   301 | D:1      | Reached XP level 2. HP: 17/17 MP: 2/7
   376 | D:1      | Learned a level 2 spell: Blink
   379 | D:1      | Learned a level 2 spell: Call Imp
   895 | D:2      | Reached XP level 3. HP: 21/21 MP: 7/9
   917 | D:2      | Learned a level 3 spell: Mephitic Cloud
  1007 | D:2      | Reached skill level 1 in Summonings
  1515 | D:1      | Reached skill level 1 in Air Magic
  1531 | D:1      | Reached XP level 4. HP: 27/27 MP: 1/10
  2490 | D:2      | Reached skill level 1 in Poison Magic
  2644 | D:2      | Reached XP level 5. HP: 31/31 MP: 4/11
  2720 | D:2      | Learned a level 3 spell: Conjure Flame
  3519 | D:3      | Found a sacrificial altar of Ru.
  4229 | D:3      | Found a burning altar of Makhleb.
  4230 | D:3      | Found a deep blue altar of Sif Muna.
  4307 | D:3      | Reached skill level 1 in Fire Magic
  4575 | D:3      | Found a shadowy altar of Dithmenos.
  4632 | D:4      | Reached XP level 6. HP: 36/36 MP: 5/12
  4902 | D:4      | Reached skill level 1 in Fighting
  5553 | D:4      | Reached XP level 7. HP: 33/43 MP: 8/13
  5718 | D:5      | Entered Level 5 of the Dungeon
  6158 | D:5      | Reached skill level 1 in Long Blades
  6158 | D:5      | Reached skill level 5 in Conjurations
  6639 | D:5      | Reached XP level 8. HP: 51/51 MP: 9/14
  6885 | D:5      | Found a stormy altar of Qazlal.
  6907 | D:5      | Learned a level 2 spell: Repel Missiles
  7482 | D:6      | Found a staircase to the Ecumenical Temple.
  7511 | Temple   | Entered the Ecumenical Temple
  7519 | Temple   | Became a worshipper of Vehumet
  7795 | D:6      | Reached skill level 1 in Shields
  8537 | D:7      | Reached * piety under Vehumet
  8537 | D:7      | Offered knowledge of Freeze by Vehumet.
  8551 | D:7      | Noticed XO4YCPATb's ghost (novice DrTm)
  9097 | D:7      | Reached XP level 9. HP: 58/58 MP: 10/15
  9247 | D:7      | Noticed Prince Ribbit
  9481 | D:8      | Got a scorched hunting sling
  9506 | D:8      | Identified the +8 hunting sling of Premature Burial {freeze, rF++ Str+5} (You found it on level 8 of the Dungeon)
  9567 | D:8      | Found Jeiledgh's Gadget Shop.
  9939 | D:8      | Found a staircase to the Lair.
  9989 | Lair:1   | Entered Level 1 of the Lair of Beasts
  9989 | Lair:1   | Found a labyrinth entrance.
  9989 | Lair:1   | Noticed a spiny frog
 10004 | Lair:1   | Killed a spiny frog
 10004 | Lair:1   | Reached skill level 5 in Long Blades
 10008 | Lair:1   | Reached ** piety under Vehumet
 10011 | Lair:1   | Noticed a seven-headed hydra
 10017 | Lair:1   | Noticed an eight-headed hydra
 10026 | Lair:1   | HP: 2/60 [hell rat (16)]
 10027 | Lair:1   | Slain by a hell rat

Skill      XL: |  1  2  3  4  5  6  7  8  9 |
---------------+----------------------------+-----
Conjurations   | 2 3 4 5 |  5.0
Summonings     | 1 2 3 |  3.1
Air Magic      | 1 2 3 4 |  4.0
Poison Magic   | 1 2 3 4 |  4.0
Translocations | 2 3 |  3.1
Fire Magic     | 1 2 4 |  4.8
Fighting       | 1 2 4 |  4.9
Long Blades    | 2 4 5 |  5.3
Shields        | 2 3 |  3.6
Dodging        | |  2.1
Stealth        | |  2.1
Spellcasting   | |  3.6

Action                   |  1- 3 |  4- 6 |  7- 9 || total
-------------------------+-------+-------+-------++-------
Melee: Unarmed           |     4 |       |       ||     4
       Short sword       |     4 |     1 |       ||     5
       Dagger            |       |    23 |    81 ||   104
       Halberd           |       |     8 |     7 ||    15
       Trident           |       |       |    18 ||    18
       Falchion          |       |       |    30 ||    30
 Fire: Shortbow          |       |       |    13 ||    13
Throw: Javelin           |     2 |       |     2 ||     4
 Cast: Magic Dart        |    93 |   179 |   196 ||   468
       Mephitic Cloud    |       |     8 |    22 ||    30
       Conjure Flame     |       |     5 |    17 ||    22
       Call Imp          |       |       |     5 ||     5
       Repel Missiles    |       |       |     1 ||     1
       Blink             |       |       |     1 ||     1
  Use: Potion            |     4 |       |     1 ||     5
       Scroll            |     1 |     7 |     7 ||    15
 Stab: Confused          |       |     3 |     5 ||     8
  Eat: Chunk             |     1 |    14 |    14 ||    29
       Pizza             |       |       |     1 ||     1
       Beef jerky        |       |       |     1 ||     1
Armor: Robe              |     4 |     2 |    34 ||    40
Dodge: Dodged            |    12 |    19 |    68 ||    99
       Deflected         |       |       |     2 ||     2
Block: Buckler           |       |       |    17 ||    17
       Rpst.: Falchion   |       |       |     4 ||     4
